| TOP OF THE 1ST |
|
Southern Maryland Blue Crabs batting - Pitching for Windy City ThunderBolts : RHP Alje Velders
|
|
Pitching: RHP Alje Velders
|
|
|
Batting: RHB Kevin Popowicz
|
0-0: Ball 1-0: Foul Ball, location: 2F 1-1: Called Strike 1-2: Foul Ball, location: 2F 1-2: Foul Ball, location: 2F 1-2: Foul Ball, location: 2F 1-2: Ball 2-2: Foul Ball, location: 2F 2-2: Ground out 6-3 (Groundball, 6S, EV 67.5 MPH)
|
|
Batting: LHB Pat Fontana
|
0-0: Ball 1-0: Ball 2-0: Fly out, F5 (Popup, 5F, EV 57.5 MPH)
|
|
Batting: RHB Maup Gommers
|
0-0: Ball 1-0: Swinging Strike 1-1: Called Strike 1-2: Foul Ball, location: 2F 1-2: Ball 2-2: Ball 3-2: Strikes out swinging
|
| Top of the 1st over - 0 runs, 0 hits, 0 errors, 0 left on base; Southern Maryland 0 - Windy City 0 |
| BOTTOM OF THE 1ST |
|
Windy City ThunderBolts batting - Pitching for Southern Maryland Blue Crabs : RHP Bruce Yeager
|
|
Pitching: RHP Bruce Yeager
|
|
|
Batting: SHB Andres Agudo
|
0-0: Ball 1-0: Called Strike 1-1: Ground out U3 (Groundball, 3L, EV 83.8 MPH)
|
|
Batting: SHB Noah Long
|
0-0: Ball 1-0: Called Strike 1-1: Foul Ball, location: 2F 1-2: Ground out 4-3 (Groundball, 4, EV 100.6 MPH)
|
|
Batting: RHB David Laureano
|
0-0: Called Strike 0-1: Called Strike 0-2: Foul Ball, location: 2F 0-2: SINGLE (Groundball, 56D, EV 104.4 MPH)
|
|
Batting: RHB Bill Stern
|
0-0: Ball 1-0: Fielders Choice at 2nd, 6-4 (Groundball, 6, EV 102.5 MPH)
|
| Bottom of the 1st over - 0 runs, 1 hit, 0 errors, 1 left on base; Southern Maryland 0 - Windy City 0 |
| TOP OF THE 2ND |
|
Southern Maryland Blue Crabs batting - Pitching for Windy City ThunderBolts : RHP Alje Velders
|
|
Batting: RHB Jonathan Mendoza
|
0-0: Ball 1-0: SOLO HOME RUN (Flyball, 7D, EV 97.5 MPH), Distance : 365 ft
|
|
Batting: SHB Carlos Carrillo
|
0-0: Ball 1-0: Foul Ball, location: 2F 1-1: Ball 2-1: Ball 3-1: Swinging Strike 3-2: Foul Ball, location: 2F 3-2: Foul Ball, location: 2F 3-2: Base on Balls
|
|
Batting: SHB Eric Kelley
|
0-0: Ball 1-0: Called Strike 1-1: Ball 2-1: Called Strike 2-2: Strikes out swinging
|
|
Batting: RHB Ruben Domingues
|
0-0: Called Strike 0-1: Called Strike 0-2: Ball 1-2: Strikes out swinging
|
|
Batting: LHB Edwin Cabral
|
0-0: Ground out 5-3 (Groundball, 56S, EV 79.4 MPH)
|
| Top of the 2nd over - 1 run, 1 hit, 0 errors, 1 left on base; Southern Maryland 1 - Windy City 0 |
| BOTTOM OF THE 2ND |
|
Windy City ThunderBolts batting - Pitching for Southern Maryland Blue Crabs : RHP Bruce Yeager
|
|
Batting: SHB Veit Geisler
|
0-0: Ball 1-0: Foul Ball, location: 2F 1-1: Swinging Strike 1-2: Strikes out looking
|
|
Batting: RHB Joe Thomas
|
0-0: Ground out 1-3 (Groundball, 13, EV 68.8 MPH)
|
|
Batting: LHB Prince Nunley
|
0-0: Foul Ball, location: 2F 0-1: Ball 1-1: Foul Ball, location: 2F 1-2: Foul Ball, location: 2F 1-2: Foul Ball, location: 2F 1-2: Fly out, F8 (Flyball, 8LD, EV 81.9 MPH)
|
| Bottom of the 2nd over - 0 runs, 0 hits, 0 errors, 0 left on base; Southern Maryland 1 - Windy City 0 |
| TOP OF THE 3RD |
|
Southern Maryland Blue Crabs batting - Pitching for Windy City ThunderBolts : RHP Alje Velders
|
|
Batting: LHB Ivan Alvarez
|
0-0: Ball 1-0: Ball 2-0: Foul Ball, location: 2F 2-1: Foul Ball, location: 2F 2-2: Fly out, F6 (Line Drive, 6, EV 69.4 MPH)
|
|
Batting: RHB Kevin Popowicz
|
0-0: Ball 1-0: Ball 2-0: Swinging Strike 2-1: Foul Ball, location: 2F 2-2: Ball 3-2: Foul Ball, location: 2F 3-2: Strikes out looking
|
|
Batting: LHB Pat Fontana
|
0-0: Ball 1-0: Ball 2-0: Called Strike 2-1: Called Strike 2-2: Strikes out swinging
|
| Top of the 3rd over - 0 runs, 0 hits, 0 errors, 0 left on base; Southern Maryland 1 - Windy City 0 |
| BOTTOM OF THE 3RD |
|
Windy City ThunderBolts batting - Pitching for Southern Maryland Blue Crabs : RHP Bruce Yeager
|
|
Batting: LHB Jose Pereyra
|
0-0: Ball 1-0: Ball 2-0: Foul Ball, location: 2F 2-1: Foul Ball, location: 2F 2-2: Foul Ball, location: 2F 2-2: Strikes out looking
|
|
Batting: RHB David Cortez
|
0-0: Swinging Strike 0-1: Foul Ball, location: 2F 0-2: Ball 1-2: Ball 2-2: Strikes out looking
|
|
Batting: SHB Andres Agudo
|
0-0: Swinging Strike 0-1: Ball 1-1: Ball 2-1: Ball 3-1: Foul Ball, location: 2F 3-2: Base on Balls
|
|
Batting: SHB Noah Long
|
0-0: Fielders Choice at 2nd, 5-4 (Groundball, 5L, EV 92.5 MPH)
|
| Bottom of the 3rd over - 0 runs, 0 hits, 0 errors, 1 left on base; Southern Maryland 1 - Windy City 0 |
| TOP OF THE 4TH |
|
Southern Maryland Blue Crabs batting - Pitching for Windy City ThunderBolts : RHP Alje Velders
|
|
Batting: RHB Maup Gommers
|
0-0: SINGLE (Groundball, 34D, EV 95.0 MPH)
|
|
Batting: RHB Jonathan Mendoza
|
0-0: Called Strike 0-1: Called Strike 0-2: Ball 1-2: Ball 2-2: Ball 3-2: Foul Ball, location: 2F 3-2: Base on Balls Maup Gommers to second
|
|
Batting: SHB Carlos Carrillo
|
0-0: Ball 1-0: Ball 2-0: DOUBLE (Flyball, 8RXD, EV 92.5 MPH) Maup Gommers scores Jonathan Mendoza to third
|
|
Batting: SHB Eric Kelley
|
0-0: Ball 1-0: Foul Ball, location: 2F 1-1: Swinging Strike 1-2: Foul Ball, location: 2F 1-2: Ball 2-2: Ball 3-2: 3-RUN HOME RUN (Flyball, 9D, EV 102.5 MPH), Distance : 383 ft
|
|
Batting: RHB Ruben Domingues
|
0-0: Called Strike 0-1: Ball 1-1: Foul Ball, location: 2F 1-2: Ball 2-2: Fly out, F8 (Line Drive, 8RM, EV 93.1 MPH)
|
|
Batting: LHB Edwin Cabral
|
0-0: Foul Ball, location: 2F 0-1: Called Strike 0-2: Ball 1-2: Foul Ball, location: 2F 1-2: Strikes out swinging
|
|
Batting: LHB Ivan Alvarez
|
0-0: Swinging Strike 0-1: Ball 1-1: Called Strike 1-2: Ball 2-2: Ball 3-2: Strikes out swinging
|
| Top of the 4th over - 4 runs, 3 hits, 0 errors, 0 left on base; Southern Maryland 5 - Windy City 0 |
| BOTTOM OF THE 4TH |
|
Windy City ThunderBolts batting - Pitching for Southern Maryland Blue Crabs : RHP Bruce Yeager
|
|
Batting: RHB David Laureano
|
0-0: Ball 1-0: Ground out 5-3 (Groundball, 5, EV 104.4 MPH)
|
|
Batting: RHB Bill Stern
|
0-0: Ball 1-0: Called Strike 1-1: Fly out, F9 (Flyball, 89M, EV 85.6 MPH)
|
|
Batting: SHB Veit Geisler
|
0-0: Called Strike 0-1: Swinging Strike 0-2: Ball 1-2: Ball 2-2: Foul Ball, location: 2F 2-2: Ball 3-2: Foul Ball, location: 2F 3-2: Foul Ball, location: 2F 3-2: Base on Balls
|
|
Batting: RHB Joe Thomas
|
0-0: Ball Veit Geisler is caught stealing 2nd base 2-4
|
| Bottom of the 4th over - 0 runs, 0 hits, 0 errors, 0 left on base; Southern Maryland 5 - Windy City 0 |
| TOP OF THE 5TH |
|
Southern Maryland Blue Crabs batting - Pitching for Windy City ThunderBolts : RHP Alje Velders
|
|
Pitching: RHP Tristan Chapple
|
|
|
Batting: RHB Kevin Popowicz
|
0-0: Ball 1-0: Fly out, F8 (Line Drive, 8RD, EV 96.9 MPH)
|
|
Batting: LHB Pat Fontana
|
0-0: Ball 1-0: Ball 2-0: Swinging Strike 2-1: Swinging Strike 2-2: Strikes out swinging
|
|
Batting: RHB Maup Gommers
|
0-0: DOUBLE (Line Drive, 9LS, EV 90.6 MPH)
|
|
Batting: RHB Jonathan Mendoza
|
0-0: Ball 1-0: Ball 2-0: Ball 3-0: Called Strike 3-1: Base on Balls
|
|
Batting: SHB Carlos Carrillo
|
0-0: Fly out, F9 (Flyball, 89M, EV 90.0 MPH)
|
| Top of the 5th over - 0 runs, 1 hit, 0 errors, 2 left on base; Southern Maryland 5 - Windy City 0 |
| BOTTOM OF THE 5TH |
|
Windy City ThunderBolts batting - Pitching for Southern Maryland Blue Crabs : RHP Bruce Yeager
|
|
Batting: RHB Joe Thomas
|
0-0: Ball 1-0: Ball 2-0: Called Strike 2-1: Ball 3-1: Called Strike 3-2: Ground out 6-3 (Groundball, 56D, EV 81.2 MPH)
|
|
Batting: LHB Prince Nunley
|
0-0: Ball 1-0: Foul Ball, location: 2F 1-1: Called Strike 1-2: Strikes out swinging
|
|
Batting: LHB Jose Pereyra
|
0-0: Ball 1-0: Foul Ball, location: 2F 1-1: Foul Ball, location: 2F 1-2: Strikes out swinging
|
| Bottom of the 5th over - 0 runs, 0 hits, 0 errors, 0 left on base; Southern Maryland 5 - Windy City 0 |
| TOP OF THE 6TH |
|
Southern Maryland Blue Crabs batting - Pitching for Windy City ThunderBolts : RHP Tristan Chapple
|
|
Batting: SHB Eric Kelley
|
0-0: SINGLE (Groundball, 4MD, EV 98.1 MPH)
|
|
Batting: RHB Ruben Domingues
|
0-0: Called Strike 0-1: Swinging Strike 0-2: Foul Ball, location: 2F 0-2: Foul Ball, location: 2F 0-2: Foul Ball, location: 2F 0-2: Foul Ball, location: 2F 0-2: Reached on error, E6 (Groundball, 6, EV 91.2 MPH) Eric Kelley to second
|
|
Pitching: LHP Humberto Carrera
|
|
|
Batting: LHB Edwin Cabral
|
0-0: Ground out 6-3 (Groundball, P, EV 84.4 MPH) Eric Kelley to third Ruben Domingues to second
|
|
Batting: LHB Ivan Alvarez
|
0-0: Ball 1-0: Called Strike 1-1: Foul Ball, location: 2F 1-2: Ground out 4-3 (Groundball, 4, EV 106.2 MPH) Eric Kelley scores Ruben Domingues to third
|
|
Batting: RHB Kevin Popowicz
|
0-0: Called Strike 0-1: Ball 1-1: Ball 2-1: Called Strike 2-2: Ball 3-2: Fly out, F7 (Flyball, 78S, EV 90.6 MPH)
|
| Top of the 6th over - 1 run, 1 hit, 1 error, 1 left on base; Southern Maryland 6 - Windy City 0 |
| BOTTOM OF THE 6TH |
|
Windy City ThunderBolts batting - Pitching for Southern Maryland Blue Crabs : RHP Bruce Yeager
|
|
Batting: RHB David Cortez
|
0-0: Ball 1-0: SINGLE (Groundball, 6MD, EV 106.2 MPH)
|
|
Batting: SHB Andres Agudo
|
0-0: Ball 1-0: Ball 2-0: Called Strike 2-1: Ball 3-1: Foul Ball, location: 2F 3-2: Base on Balls David Cortez to second
|
|
Batting: SHB Noah Long
|
0-0: Ball 1-0: Called Strike 1-1: Called Strike 1-2: Strikes out swinging
|
|
Pitching: LHP Sueo Iba
|
|
|
Batting: RHB David Laureano
|
0-0: Ball 1-0: Ball 2-0: Called Strike 2-1: Foul Ball, location: 2F 2-2: Strikes out swinging
|
|
Batting: RHB Bill Stern
|
0-0: Foul Ball, location: 2F 0-1: Swinging Strike 0-2: Ball 1-2: Ball 2-2: Strikes out looking
|
| Bottom of the 6th over - 0 runs, 1 hit, 0 errors, 2 left on base; Southern Maryland 6 - Windy City 0 |
| TOP OF THE 7TH |
|
Southern Maryland Blue Crabs batting - Pitching for Windy City ThunderBolts : LHP Humberto Carrera
|
|
Batting: LHB Pat Fontana
|
0-0: Swinging Strike 0-1: Ball 1-1: Ground out U3 (Groundball, 34S, EV 88.1 MPH)
|
|
Batting: RHB Maup Gommers
|
0-0: Called Strike 0-1: Ball 1-1: Ball 2-1: Fly out, F7 (Flyball, 78D, EV 103.1 MPH)
|
|
Batting: RHB Jonathan Mendoza
|
0-0: Ball 1-0: Called Strike 1-1: Foul Ball, location: 2F 1-2: Reached on error, E8 (Flyball, 89M, EV 91.2 MPH)
|
|
Batting: SHB Carlos Carrillo
|
0-0: SINGLE (Groundball, 5S, EV 70.0 MPH) (infield hit) Jonathan Mendoza to third
|
|
Batting: SHB Eric Kelley
|
0-0: Called Strike 0-1: Fly out, F9 (Flyball, 9D, EV 81.9 MPH)
|
| Top of the 7th over - 0 runs, 1 hit, 1 error, 2 left on base; Southern Maryland 6 - Windy City 0 |
| BOTTOM OF THE 7TH |
|
Windy City ThunderBolts batting - Pitching for Southern Maryland Blue Crabs : LHP Sueo Iba
|
|
Batting: SHB Veit Geisler
|
0-0: Swinging Strike 0-1: Ball 1-1: Foul Ball, location: 2F 1-2: Strikes out swinging
|
|
Batting: RHB Joe Thomas
|
0-0: Swinging Strike 0-1: Ball 1-1: Ball 2-1: Ball 3-1: Foul Ball, location: 2F 3-2: Foul Ball, location: 2F 3-2: Strikes out swinging, 2-3 out at first.
|
|
Pinch Hitting: RHB Francisco Marin
|
0-0: SINGLE (Groundball, 4MD, EV 104.4 MPH)
|
|
Pinch Hitting: RHB Eddie Dimas
|
0-0: Swinging Strike 0-1: Ball 1-1: Foul Ball, location: 2F 1-2: Strikes out looking
|
| Bottom of the 7th over - 0 runs, 1 hit, 0 errors, 1 left on base; Southern Maryland 6 - Windy City 0 |
| TOP OF THE 8TH |
|
Southern Maryland Blue Crabs batting - Pitching for Windy City ThunderBolts : LHP Humberto Carrera
|
|
Now in LF: Eddie Dimas
|
|
|
Now in CF: Enrique Gomez
|
|
|
Now in RF: Veit Geisler
|
|
|
Batting: RHB Ruben Domingues
|
0-0: Called Strike 0-1: Called Strike 0-2: Strikes out looking
|
|
Batting: LHB Edwin Cabral
|
0-0: Ball 1-0: Foul Ball, location: 2F 1-1: Ground out 4-3 (Groundball, 34D, EV 103.1 MPH)
|
|
Batting: LHB Ivan Alvarez
|
0-0: Ball 1-0: Ground out 5-3 (Groundball, 56, EV 81.2 MPH)
|
| Top of the 8th over - 0 runs, 0 hits, 0 errors, 0 left on base; Southern Maryland 6 - Windy City 0 |
| BOTTOM OF THE 8TH |
|
Windy City ThunderBolts batting - Pitching for Southern Maryland Blue Crabs : LHP Sueo Iba
|
|
Batting: RHB David Cortez
|
0-0: Called Strike 0-1: Swinging Strike 0-2: Ball 1-2: Strikes out swinging
|
|
Batting: SHB Andres Agudo
|
0-0: Ball 1-0: Foul Ball, location: 2F 1-1: Foul Ball, location: 2F 1-2: Strikes out swinging passed ball, reaches first!
|
|
Batting: SHB Noah Long
|
0-0: Hit by Pitch Andres Agudo to second
|
|
Batting: RHB David Laureano
|
0-0: Called Strike 0-1: Foul Ball, location: 2F 0-2: Strikes out swinging
|
|
Batting: RHB Bill Stern
|
0-0: Foul Ball, location: 2F 0-1: 3-RUN HOME RUN (Flyball, 7D, EV 98.1 MPH), Distance : 385 ft
|
|
Pitching: RHP Joe Underhill
|
|
|
Batting: SHB Veit Geisler
|
0-0: Ball 1-0: Swinging Strike 1-1: Ball 2-1: Foul Ball, location: 2F 2-2: Ball 3-2: SOLO HOME RUN (Flyball, 7D, EV 100.6 MPH), Distance : 364 ft
|
|
Batting: RHB Joe Thomas
|
0-0: Ball 1-0: Ground out 5-3 (Groundball, 56S, EV 82.5 MPH)
|
| Bottom of the 8th over - 4 runs, 2 hits, 0 errors, 0 left on base; Southern Maryland 6 - Windy City 4 |
| TOP OF THE 9TH |
|
Southern Maryland Blue Crabs batting - Pitching for Windy City ThunderBolts : LHP Humberto Carrera
|
|
Pitching: RHP George Crousse
|
|
|
Batting: RHB Kevin Popowicz
|
0-0: Ball 1-0: Ball 2-0: Ball 3-0: Called Strike 3-1: Called Strike 3-2: Fly out, F8 (Flyball, 89M, EV 91.9 MPH)
|
|
Batting: LHB Pat Fontana
|
0-0: Called Strike 0-1: Ball 1-1: Ball 2-1: Ball 3-1: SINGLE (Groundball, 34D, EV 103.8 MPH)
|
|
Batting: RHB Maup Gommers
|
0-0: Called Strike 0-1: SINGLE (Flyball, 89S, EV 95.6 MPH) Pat Fontana to second
|
|
Batting: RHB Jonathan Mendoza
|
0-0: Foul Ball, location: 2F 0-1: Swinging Strike 0-2: Grounds out, U3 (Groundball, 3L, EV 83.1 MPH) Pat Fontana to third
|
|
Batting: SHB Carlos Carrillo
|
0-0: Foul Ball, location: 2F 0-1: Foul Ball, location: 2F 0-2: Ball 1-2: Strikes out swinging
|
| Top of the 9th over - 0 runs, 2 hits, 0 errors, 2 left on base; Southern Maryland 6 - Windy City 4 |
| BOTTOM OF THE 9TH |
|
Windy City ThunderBolts batting - Pitching for Southern Maryland Blue Crabs : RHP Joe Underhill
|
|
Pitching: LHP Ronnie Pickering
|
|
|
Now at 1B: Minoru Matsumoto
|
|
|
Now at 2B: Kevin Popowicz
|
|
|
Pinch Hitting: RHB Brad Adams Jr.
|
0-0: Ball 1-0: Called Strike 1-1: Ball 2-1: Ball 3-1: Swinging Strike 3-2: Strikes out swinging
|
|
Batting: RHB Eddie Dimas
|
0-0: Ball 1-0: Ball 2-0: Foul Ball, location: 2F 2-1: Hit by Pitch
|
|
Pinch Hitting: RHB Joselito Santos
|
0-0: Foul Ball, location: 2F 0-1: Swinging Strike 0-2: Ball 1-2: Ball 2-2: Ball 3-2: Strikes out swinging
|
|
Batting: SHB Andres Agudo
|
0-0: Swinging Strike 0-1: Called Strike 0-2: Ball 1-2: Strikes out swinging
|
| Bottom of the 9th over - 0 runs, 0 hits, 0 errors, 1 left on base; Southern Maryland 6 - Windy City 4 |
|